 Dungeon Crawl Stone Soup version 0.26-a0-651-gb41185065b (webtiles) character file.

Game seed: 18366498642856650029

51 Lanoc the Sneak (level 3, 0/22 HPs)
             Began as a Tengu Brigand on Oct 25, 2020.
             Splashed by Ijyb's acid (7 damage)
             ... on level 3 of the Dungeon.
             The game lasted 00:01:04 (726 turns).

Lanoc the Sneak (Tengu Brigand)                      Turns: 726, Time: 00:01:05

Health: 0/22       AC: -1    Str: 11    XL:     3   Next: 81%
Magic:  4/4        EV: 13    Int: 11    God:
Gold:   29         SH:  0    Dex: 16    Spells: 2/2 levels left

rFire    . . .     SeeInvis .   a - +2 dagger
rCold    . . .     Faith    .   (no shield)
rNeg     . . .     Spirit   .   b - +0 robe
rPois    .         Reflect  .   (helmet restricted)
rElec    .         Harm     .   c - +0 cloak
rCorr    .         Rampage  .   (no gloves)
MR       .....                  (boots unavailable)
Stlth    +++.......             (no amulet)
HPRegen  0.07/turn              (no ring)
MPRegen  0.09/turn              (no ring)

@: corroded
A: beak, talons 3
a: no special abilities


You were on level 3 of the Dungeon.
You visited 1 branch of the dungeon, and saw 3 of its levels.

You collected 29 gold pieces.

Inventory:

Hand Weapons
 a - a +2 dagger (weapon)
Missiles
 d - 5 poisoned darts (quivered)
 e - 2 curare-tipped darts
Armour
 b - a +0 robe (worn)
 c - a +0 cloak (worn)
Scrolls
 f - a scroll of noise {unknown}
Potions
 g - 2 potions of degeneration {unknown}


   Skills:
 + Level 2.6 Fighting
 - Level 2.1 Short Blades
 - Level 2.0 Throwing
 + Level 2.1 Dodging
 * Level 4.8 Stealth


You had 2 spell levels left.
You didn't know any spells.
Your spell library was empty.

Dungeon Overview and Level Annotations

Branches:
Dungeon (3/15)

Altars:

Annotations:
D:3 Ijyb


Innate Abilities, Weirdness & Mutations

You have a beak for a mouth.
You have claws for feet.


Message History

You open the door. As you open the door, it creaks loudly!
You hear a shout! x2
Ijyb the Twisted Goblin comes into view.
She is wielding a +0 club and carrying a wand of acid (5).
There is an open door here.
Throwing (i - inventory. (/) - cycle)
d - 8 poisoned darts (quivered)
Press: ? - help, Shift-Dir - straight line, f - Ijyb
Aim: Ijyb, wielding a +0 club, wearing a +0 leather armour and carrying a wand of acid (5)
You throw a poisoned dart. The poisoned dart closely misses Ijyb.
Throwing (i - inventory. (/) - cycle)
d - 7 poisoned darts (quivered)
Press: ? - help, Shift-Dir - straight line, f/p - Ijyb
Aim: Ijyb, wielding a +0 club, wearing a +0 leather armour and carrying a wand of acid (5)
You throw a poisoned dart. The poisoned dart barely misses Ijyb.
Throwing (i - inventory. (/) - cycle)
d - 6 poisoned darts (quivered)
Press: ? - help, Shift-Dir - straight line, f/p - Ijyb
Aim: Ijyb, wielding a +0 club, wearing a +0 leather armour and carrying a wand of acid (5)
You throw a poisoned dart. The poisoned dart closely misses Ijyb.
Ijyb zaps a wand.
The bolt of acid hits you!
Ouch! That really hurt!
The acid corrodes you!
You are splashed with acid!
You die...

..... #.... ###....
.(... ....#....... ....
............ #..
..........#. #g#
..........#. # #@#
............
..#.###'#####...........
............#.##........
..............##........
....##..................
................#####.##
.........##.....#####.##
.........##.........†...
...........#...........


You could see Ijyb.

Vanquished Creatures
  3 adders (D:2)
  A worm (D:2)
  A dart slug (D:2)
  A leopard gecko (D:2)
  An orc (D:3)
  2 bats (D:2)
  2 giant cockroaches (D:3)
  2 goblins
  2 frilled lizards (D:2)
  3 kobolds
  2 rats
20 creatures vanquished.

Vanquished Creatures (others)
  2 fungi (D:3)
  A plant (D:2)
3 creatures vanquished.

Grand Total: 23 creatures vanquished

Notes
Turn   | Place    | Note
-------+----------+-------------------------------------------
     0 | D:1      | Lanoc the Tengu Brigand began the quest for the Orb.
     0 | D:1      | Reached XP level 1. HP: 12/12 MP: 2/2
    85 | D:2      | Reached XP level 2. HP: 17/17 MP: 3/3
   132 | D:2      | Reached XP level 3. HP: 21/22 MP: 4/4
   722 | D:3      | Noticed Ijyb
   726 | D:3      | Splashed by Ijyb's acid

Illustrated notes

Levels and vault maps discovered:
D:1:      lightli_arrival_windingriver, layout_basic, columned_hall_lemuel
D:2:      minmay_kobold_bridge, layout_basic, serial_forest,
          infiniplex_forest_lined_3_way, infiniplex_forest_end_2,
          infiniplex_forest_clump_cross, infiniplex_forest_clump_large,
          infiniplex_forest_end_3, infiniplex_forest_clump_medium,
          infiniplex_forest_zigzag_1, corexii_leaking_fountain, uniq_terence,
          uniq_sigmund
D:3:      minmay_bubble_buster, layout_basic, uniq_grinder, uniq_jessica,
          uniq_ijyb, uniq_crazy_yiuf_cottage

Skill      XL: |  1  2  3 |
---------------+----------+-----
Dodging        | 2 |  2.1
Fighting       | |  2.6
Short Blades   | |  2.1
Throwing       | |  2.0
Stealth        | |  4.8

Action                   || total
-------------------------++-------
Melee: Dagger            ||    43
       Kick              ||    13
       Peck              ||     6
Throw: Dart              ||    11
 Stab: Sleeping          ||     4
Armor: Robe              ||     8
Dodge: Dodged            ||    20

Table legend: (Time is in decaauts)
 A = Elapsed time spent in this place.
 B = Non-inter-level travel time spent in this place.
 C = Inter-level travel time spent in this place.
 D = Time resting spent in this place.
 E = Time spent auto-exploring this place.
 F = Levels seen in this place.
 G = Mean time per level.
                   A        B        C        D        E       F      G
               +--------+--------+--------+--------+--------+-----+--------+
         Total |    720 |    709 |     11 |      0 |    579 |   3 |  240.0 |
       Dungeon |    720 |    709 |     11 |      0 |    579 |   3 |  240.0 |
               +--------+--------+--------+--------+--------+-----+--------+

Top non-repeatable levels by time:
     D:2: 430 daAuts
     D:3: 230 daAuts
     D:1: 58 daAuts
